 Dungeon Crawl Stone Soup version 0.26.1-2-gb8aa6d0cf2 (webtiles) character file.

Game seed: 8334738916569947578

24 McKennaii the Conjurer (level 2, 0/15 HPs)
             Began as a Deep Elf Conjurer on Feb 13, 2021.
             Slain by an adder (3 damage)
             ... on level 1 of the Dungeon.
             The game lasted 00:01:34 (1408 turns).

McKennaii the Conjurer (Deep Elf Conjurer)          Turns: 1408, Time: 00:01:37

Health: 0/15       AC:  2    Str:  4    XL:     2   Next: 79%
Magic:  7/8        EV: 13    Int: 22    God:
Gold:   67         SH:  0    Dex: 13    Spells: 6/7 levels left

rFire    . . .     SeeInvis .   (no weapon)
rCold    . . .     Faith    .   (no shield)
rNeg     . . .     Spirit   .   a - +0 robe
rPois    .         Reflect  .   (no helmet)
rElec    .         Harm     .   m - scarf {+Inv}
rCorr    +         Rampage  .   (no gloves)
Will     .....                  (no boots)
Stlth    ++........             (no amulet)
HPRegen  0.05/turn              i - ring of resist corrosion
MPRegen  0.11/turn              (no ring)

@: lethally poisoned (0 -> -11)
A: no striking features
a: Evoke Invisibility


You were on level 1 of the Dungeon.
You visited 1 branch of the dungeon, and saw 2 of its levels.

You collected 67 gold pieces.

Inventory:

Armour
 a - a +0 robe (worn)
 m - a scarf of invisibility (worn)
Jewellery
 i - a ring of resist corrosion (left hand)
Scrolls
 b - a scroll of teleportation {unknown}
 c - 2 scrolls of amnesia {unknown}
 g - 2 scrolls of remove curse {unknown}
 h - 2 scrolls of enchant weapon {unknown}
 j - a scroll of identify {unknown}
 l - a scroll of immolation {unknown}
Potions
 d - 2 potions of curing {unknown}
 e - a potion of mutation {unknown}
 f - a potion of flight {unknown}
 k - a potion of degeneration {unknown}


   Skills:
 + Level 2.4 Dodging
 + Level 2.4 Stealth
 * Level 3.4 Spellcasting
 * Level 5.1 Conjurations


You had 6 spell levels left.
You knew the following spells:

 Your Spells              Type           Power        Failure   Level
a - Magic Dart            Conj           100%         1%          1

Your spell library contained the following spells:

 Spells                   Type           Power        Failure   Level
 Searing Ray              Conj           52%          2%          2
 Dazzling Flash           Conj/Hex       30%          12%         3
 Fulminant Prism          Conj/Hex       7%           38%         4
 Iskenderun's Mystic Bla  Conj/Tloc      15%          38%         4


Dungeon Overview and Level Annotations

Branches:
Dungeon (2/15)

Altars:
Cheibriados
Sif Muna


Message History

The adder poisons you! The frilled lizard barely misses you.
The adder bites you.
You are lethally poisoned!
The adder poisons you!
There is a stone staircase leading up, spattered with blood here.
You feel sick.
The frilled lizard bites you but does no damage.
The adder bites you.
You climb upwards.
You feel sick.
There is a stone staircase leading down here.
Casting: Magic Dart (safe; 1% risk of failure)
Confirm with . or Enter, or press ? or * to list all spells.
Aiming: Magic Dart (safe; 1% risk of failure)
Press: ? - help, Shift-Dir - straight line, f - adder
Aim: an adder (0% to evade)
The magic dart hits the adder but does no damage.
You feel sick. The adder misses you. The frilled lizard bites you.
* * * LOW HITPOINT WARNING * * *
The adder bites you.
You die...

.............##^#.........#......
##.#...[###..##.............#####
##......###...........###.#######
####....##..###...##...##.####.'.
...#......................##...#.
##.#....##.##.#.#.##.....####''##
##.#....##.##.).#....#...#⌠♣#...#
##...)..##.##....l..###..#.♣#.♣.#
..(.....##.##..÷@S..###..#.♣#...#
..#.....##.##..##........#..#'''#
..#.###.##.#........####.#.......
..#..##.......####.......#.######
.....#####....####..###....>.....
..#...####..........#............
#.##.....##.....##....##.........
..#####........(......##......)..
..............##.................


You could see an adder and a frilled lizard.

Vanquished Creatures
  A bat (D:2)
  5 hobgoblins
  4 jackals
  A quokka (D:2)
  A ball python (D:1)
  2 frilled lizards (D:1)
  3 goblins (D:2)
  5 rats
22 creatures vanquished.

Vanquished Creatures (others)
  5 withered plants (D:2)
5 creatures vanquished.

Grand Total: 27 creatures vanquished

Notes
Turn   | Place    | Note
-------+----------+-------------------------------------------
     0 | D:1      | McKennaii the Deep Elf Conjurer began the quest for the
                  | Orb.
     0 | D:1      | Reached XP level 1. HP: 10/10 MP: 6/6
   532 | D:1      | Reached XP level 2. HP: 15/15 MP: 6/8
   784 | D:2      | Found a snail-covered altar of Cheibriados.
   864 | D:2      | Reached skill level 5 in Conjurations
  1002 | D:2      | Found a shimmering blue altar of Sif Muna.
  1408 | D:1      | Slain by an adder

Illustrated notes

Levels and vault maps discovered:
D:1:      sevenhm_arrival_forest_fort_small_3, layout_rooms
D:2:      minmay_spotlight, layout_basic, cheibriados_altar_1,
          nicolae_dithmenos_through_a_glass_darkly, kiku_gazebo_garden_becter,
          old_standard_altar

Skill      XL: |  1  2 |
---------------+-------+-----
Conjurations   | 5 |  5.1
Dodging        | |  2.4
Stealth        | |  2.4
Spellcasting   | |  3.4

Action                   || total
-------------------------++-------
Melee: Unarmed           ||     7
 Cast: Magic Dart        ||    46
Armor: Robe              ||     3
Dodge: Dodged            ||    16
